 Dungeon Crawl Stone Soup version 0.21-a0-150-gc243083 (webtiles) character file.

25 Elafonis the Sneak (level 2, 0/13 HPs)
             Began as a Spriggan Enchanter on July 30, 2017.
             Slain by a hobgoblin
             ... wielding a +0 club
              (3 damage)
             ... on level 1 of the Dungeon.
             The game lasted 00:02:48 (1415 turns).

Elafonis the Sneak (Spriggan Enchanter)             Turns: 1415, Time: 00:02:49

Health: 0/13       AC:  3    Str:  4    XL:     2   Next: 86%
Magic:  0/7        EV: 18    Int: 16    God:
Gold:   0          SH:  0    Dex: 16    Spells: 5/8 levels left

rFire    . . .     SeeInvis +   a - +1 dagger
rCold    . . .     Gourm    .   (shield restricted)
rNeg     . . .     Faith    .   b - +1 robe
rPois    .         Spirit   .   (helmet restricted)
rElec    .         Reflect  .   (no cloak)
rCorr    .         Harm     .   (gloves unavailable)
MR       .....                  (boots unavailable)
Stlth    ++++......             (no amulet)
HPRegen  0.04/turn              f - ring of stealth
MPRegen  0.10/turn              (no ring)

@: very quick
A: unfitting armour, see invisible, herbivore 3, speed 3, slow metabolism 2
a: no special abilities


You were on level 1 of the Dungeon.
You were not hungry.

You visited 1 branch of the dungeon, and saw 1 of its levels.

Inventory:

Hand Weapons
 a - a +1 dagger (weapon)
Armour
 b - a +1 robe (worn)
Jewellery
 f - a ring of stealth (left hand)
Potions
 e - 2 potions of resistance
Books
 c - a book of Maledictions

   Spells                             Type                      Level
   a - Corona                         Hexes                        1
   b - Ensorcelled Hibernation        Hexes/Ice                    2
   c - Confuse                        Hexes                        3
   d - Tukima's Dance                 Hexes                        3
   e - Dazzling Spray                 Conjuration/Hexes            3
Comestibles
 d - a bread ration


   Skills:
 - Level 1.1 Short Blades
 - Level 3.0 Dodging
 - Level 4.4 Stealth
 + Level 3.7 Spellcasting
 + Level 4.2 Hexes


You had 5 spell levels left.
You knew the following spells:

 Your Spells              Type           Power        Failure   Level  Hunger
a - Ensorcelled Hibernat  Hex/Ice        #.....       11%         2    ##.....
b - Corona                Hex            ###....      3%          1    None


Dungeon Overview and Level Annotations

Branches:
Dungeon (1/15)

Altars:


Innate Abilities, Weirdness & Mutations

You are very small and have problems with some larger weapons.
You are too small for most types of armour.
You have supernaturally acute eyesight. (SInv)
You are a herbivore.
You cover ground extremely quickly.
You need consume almost no food.


Message History

The hobgoblin hits you but does no damage.
You hit the hobgoblin but do no damage. The hobgoblin completely misses you.
You barely miss the hobgoblin. The hobgoblin misses you.
You hit the hobgoblin.
The hobgoblin is heavily wounded.
You barely miss the hobgoblin.
The hobgoblin is heavily wounded.
The hobgoblin misses you.
You hit the hobgoblin.
The hobgoblin is almost dead.
The hobgoblin hits you with a club.
* * * LOW HITPOINT WARNING * * *
Casting: Ensorcelled Hibernation
Confirm with . or Enter, or press ? or * to list all spells.
Aiming: Ensorcelled Hibernation
Press: ? - help, Shift-Dir - straight line, f/p - hobgoblin
Aim: a hobgoblin, wielding a club (almost dead, chance to defeat MR: 58%)
The hobgoblin resists with significant effort.
The hobgoblin hits you with a club.
You die...

...#### .#..........+
...#.. ............###
#..#.# #..............
#..#.# #..............
#..#.# ##....#........
#..#.######.............
......)........KK#......
...#.#######.###g#.#####
..............##@#..
#.##.###......##.########
#.##.# #.................
..##.# #.......#.########
...#.###.................
...#.##...#..............
...#.##.#........########
##.#.##.########.######
#.#.##.................


You could see a hobgoblin and 2 kobolds.

Vanquished Creatures
  2 dart slugs (D:1)
  A leopard gecko (D:1)
  A giant cockroach (D:1)
  A goblin (D:1)
  3 jackals (D:1)
  5 kobolds (D:1)
  3 bats (D:1)
  2 frilled lizards (D:1)
  2 rats (D:1)
20 creatures vanquished.

Notes
Turn   | Place    | Note
-------+----------+-------------------------------------------
     0 | D:1      | Elafonis the Spriggan Enchanter began the quest for the Orb.
     0 | D:1      | Reached XP level 1. HP: 9/9 MP: 5/5
   474 | D:1      | Reached XP level 2. HP: 13/13 MP: 5/7
   478 | D:1      | Learned a level 2 spell: Ensorcelled Hibernation
  1415 | D:1      | Slain by a hobgoblin

Vault maps used:
D:1:      dpeg_arrival_shrine

Skill      XL: |  1  2 |
---------------+-------+-----
Spellcasting   | 3 |  3.7
Hexes          | 4 |  4.2
Short Blades   | |  1.1
Dodging        | |  3.0
Stealth        | |  4.4

Action                   || total
-------------------------++-------
Melee: Dagger            ||   103
 Cast: Corona            ||     8
       Ensorcelled Hiber ||    14
  Use: Scroll            ||     3
 Stab: Sleeping          ||     6
       Distracted        ||     1
Armor: Robe              ||    11
Dodge: Dodged            ||    97
